 Dungeon Crawl Stone Soup version 0.20.0-8-g6b59dc7 (webtiles) character file.

133 vatarom the Poker (level 4, -2/33 HPs)
             Began as a Demonspawn Gladiator on May 31, 2017.
             Slain by pichaelthompson's ghost (8 damage)
             ... on level 3 of the Dungeon.
             The game lasted 00:04:36 (2016 turns).

vatarom the Poker (Demonspawn Gladiator)            Turns: 2016, Time: 00:04:36

Health: -2/33      AC:  3    Str: 20    XL:     4   Next: 94%
Magic:  4/4        EV: 13    Int:  9    God:
Gold:   57         SH:  0    Dex: 15    Spells: 3/3 levels left

rFire    . . .     SeeInvis .   o - +0 halberd
rCold    . . .     Gourm    .   (shield currently unavailable)
rNeg     . . .     Faith    .   g - +0 leather armour {rPois}
rPois    +         Spirit   .   (helmet restricted)
rElec    .         Reflect  .   (no cloak)
rCorr    .         Harm     .   (no gloves)
MR       .....                  (no boots)
Stlth    +.........             (no amulet)
Regen    0.2/turn               m - +3 ring of strength
MPRegen  0.1/turn               h - +2 ring of strength

@: confused
A: antennae 1
a: no special abilities


You were on level 3 of the Dungeon.
You were not hungry.

You visited 1 branch of the dungeon, and saw 3 of its levels.

You collected 57 gold pieces.

Inventory:

Hand Weapons
 a - a +1 trident
 o - a +0 halberd (weapon)
Missiles
 d - 3 throwing nets (quivered)
Armour
 c - a +0 helmet
 g - a +0 leather armour of poison resistance (worn)
Jewellery
 e - an uncursed ring of stealth
 h - a +2 ring of strength (right hand)
 m - a +3 ring of strength (left hand)
Scrolls
 k - a scroll of remove curse
 l - a scroll of enchant armour
 n - a scroll of noise
Comestibles
 f - a bread ration
 i - a meat ration
 j - 3 royal jellies


   Skills:
 - Level 2.0 Fighting
 + Level 4.4 Polearms
 - Level 1.7 Throwing
 - Level 2.3 Armour
 - Level 2.6 Dodging


You had 3 spell levels left.
You didn't know any spells.

Dungeon Overview and Level Annotations

Branches:
Dungeon (3/15)

Altars:

Annotations:
D:3 pichaelthompson's ghost, amateur DsGl


Innate Abilities, Weirdness & Mutations

You have a pair of small antennae on your head.


Message History

A kobold comes into view. It is wielding a short sword.
o - a halberd The gnoll barely misses you.
The kobold barely misses you.
Wield which item (- for none, * to show all)? (? for menu, Esc to quit)
o - a +0 halberd (weapon)
The gnoll hits you.
You hit the gnoll.
You kill the gnoll!
The kobold closely misses you. Pichaelthompson's ghost hits you.
The kobold closely misses you.
You are too injured to fight recklessly!
The kobold closely misses you. Pichaelthompson's ghost hits you.
* * * LOW HITPOINT WARNING * * *
There is a stone staircase leading up here.
You are confused.
You feel invigorated. The kobold hits you with a short sword.
* * * LOW HITPOINT WARNING * * *
The kobold barely misses you. Pichaelthompson's ghost hits you!
You die...

..##.##...... ..#
......#...(..
..####.(#........
#.##....##.......
#.##....##.######
#.##....##.# #...
##.......##.###.##
#######K..(...†.......#
.......@K†########....#
#.######W## ####.## #r#
#..# ..# ##.# #... #..
#... ### ..... ##...
#....


You could see pichaelthompson's ghost, 2 kobolds and a rat.

Vanquished Creatures
  4 adders (D:2)
  3 gnolls (D:3)
  An ooze (D:2)
  A worm (D:2)
  3 dart slugs
  A leopard gecko (D:2)
  A ball python (D:2)
  4 giant cockroaches
  3 goblins
  7 hobgoblins
  7 jackals (D:1)
  5 kobolds
  A quokka (D:3)
  4 bats
  4 frilled lizards
  6 rats
55 creatures vanquished.

Notes
Turn   | Place    | Note
-------+----------+-------------------------------------------
     0 | D:1      | vatarom the Demonspawn Gladiator began the quest for the Orb.
     0 | D:1      | Reached XP level 1. HP: 16/16 MP: 1/1
   120 | D:1      | Reached skill level 1 in Armour
   120 | D:1      | Gained mutation: You have a pair of small antennae on your head. [demonic ancestry]
   120 | D:1      | Reached XP level 2. HP: 20/22 MP: 2/2
   394 | D:1      | Reached skill level 3 in Polearms
   569 | D:1      | Reached XP level 3. HP: 23/27 MP: 3/3
  1485 | D:2      | Reached XP level 4. HP: 29/33 MP: 4/4
  1871 | D:3      | Reached skill level 4 in Polearms
  2006 | D:3      | Noticed pichaelthompson's ghost (amateur DsGl)
  2016 | D:3      | Slain by pichaelthompson's ghost

Skill      XL: |  1  2  3  4 |
---------------+-------------+-----
Armour         | 1 2 |  2.3
Polearms       | 3 4 |  4.4
Fighting       | |  2.0
Throwing       | |  1.7
Dodging        | |  2.6

Action                   |  1- 3 |  4- 6 || total
-------------------------+-------+-------++-------
Melee: Trident           |   135 |    67 ||   202
       Halberd           |       |     1 ||     1
  Use: Scroll            |     5 |     3 ||     8
       Potion            |     4 |     1 ||     5
 Stab: Sleeping          |     7 |     8 ||    15
       Distracted        |     1 |       ||     1
  Eat: Bread ration      |     1 |       ||     1
       Chunk             |     1 |       ||     1
Armor: Leather armour    |    21 |     8 ||    29
Dodge: Dodged            |    92 |    45 ||   137
